AoeStats
← beneath mariana

QS Arena

503187542Analyzed
4v4 RM · 1mo ago on Aug 30, 2026· 36m 33s· 8 players
Game mode
Random Map
Map size
Large (8 player)
Population
200
Speed
Normal
Resources
Standard
Victory
Conquest
Starting age
Dark Age
Ending age
Imperial Age
RankedLock teamsTeams togetherTeam positionsShared explorationLock speedFull tech treeHidden civsTurbo modeCheats
Victory
Defeat
🇨🇳 Gurjaras · China
1462
+15
🇲🇴 Hindustanis · Macao SAR China
1460
+15
🇻🇳 Italians · Vietnam
1442
+16
🇨🇳 Turks · China
1413
+17
🇪🇸 Lithuanians · Spain
1470
-17
🇺🇸 Koreans · United States
1446
-16
🇩🇪 Franks · Germany
1437
-16
🇩🇪 Slavs · Germany
1408
-14
Blue Adam
Klacks
8:31 Feudal Age
9:45 Double-Bit Axe
12:42 Castle Age
13:56 Bow Saw
18:04 Wheelbarrow
20:05 Padded Archer Armor
20:02 Loom
21:40 Fletching
22:53 Bodkin Arrow
26:12 Imperial Age
24:16 Bodkin Arrow
25:07 Gold Mining
26:06 Hand Cart
26:26 Town Watch
26:27 Capped Ram
29:03 Leather Archer Armor
30:01 Conscription
31:16 Squires
31:02 Gambesons
31:29 Forging
31:19 Scale Mail Armor
32:23 Elite Throwing Axeman
CroCkeR
8:44 Feudal Age
12:35 Castle Age
11:46 Scale Barding Armor
11:37 Horse Collar
12:18 Double-Bit Axe
21:06 Wheelbarrow
21:11 Bow Saw
22:44 Chain Barding Armor
24:37 Gold Mining
24:55 Loom
24:55 Town Watch
26:02 Forging
26:40 Heavy Plow
28:25 Iron Casting
30:49 Imperial Age
28:35 Hand Cart
28:37 Fortified Wall
31:34 Masonry
32:32 Conscription
31:35 Pikeman
32:16 Squires
32:39 Scale Mail Armor
32:35 Halberdier
33:44 Chain Mail Armor
33:38 Capped Ram
37:17 Plate Mail Armor
hcenemod
7:47 Feudal Age
9:29 Double-Bit Axe
11:58 Castle Age
10:50 Horse Collar
19:21 Loom
21:19 Bow Saw
23:57 Wheelbarrow
23:14 Stone Mining
23:16 Gold Mining
23:49 Heavy Plow
27:03 Stone Shaft Mining
28:37 Hand Cart
31:20 Squires
pokka86
8:39 Feudal Age
9:36 Double-Bit Axe
12:37 Castle Age
10:32 Horse Collar
13:30 Bow Saw
13:22 Heavy Plow
18:30 Wheelbarrow
20:17 Hand Cart
21:42 Loom
23:07 Gold Mining
23:07 Stone Mining
23:17 Town Watch
27:04 Imperial Age
25:02 Scale Barding Armor
25:07 Forging
25:54 Gold Shaft Mining
25:22 Grand Trunk Road
26:17 Bloodlines
26:07 Husbandry
26:31 Chain Barding Armor
27:07 Heavy Camel Rider
28:26 Iron Casting
30:51 Chemistry
29:56 Siege Engineers
30:24 Coinage
30:33 Shatagni
30:53 Conscription
31:11 Plate Barding Armor
31:36 Blast Furnace
30:27 Fletching
30:37 Padded Archer Armor
32:42 Two-Man Saw
32:32 Banking
37:03 Leather Archer Armor
37:01 Fervor
37:13 Sanctity
37:29 Theocracy
36:49 Herbal Medicine
37:20 Illumination
37:10 Block Printing
37:06 Devotion
37:16 Redemption
37:10 Town Patrol
37:03 Fletching
beneath mariana
8:52 Feudal Age
12:59 Castle Age
12:15 Double-Bit Axe
12:12 Horse Collar
16:54 Loom
17:48 Town Watch
20:42 Bow Saw
21:48 Gold Mining
22:52 Wheelbarrow
22:14 Stone Mining
24:22 Gold Shaft Mining
27:32 Imperial Age
25:31 Scale Barding Armor
25:37 Heavy Plow
25:59 Forging
27:06 Chain Barding Armor
27:47 Iron Casting
27:32 Bloodlines
28:15 Hand Cart
29:17 Plate Barding Armor
29:00 Scale Mail Armor
29:20 Husbandry
28:41 Heavy Camel Rider
31:29 Blast Furnace
31:01 Guilds
31:46 Conscription
33:24 Fletching
35:12 Padded Archer Armor
36:16 Bodkin Arrow
36:37 Leather Archer Armor
可爱透耀人
mryendl2410
9:24 Feudal Age
8:10 Loom
11:13 Double-Bit Axe
13:31 Castle Age
11:33 Horse Collar
13:02 Gold Mining
19:22 Imperial Age
25:21 Fletching
29:23 Bodkin Arrow
32:23 Bracer
32:25 Padded Archer Armor
35:25 Bow Saw
35:31 Elite Genoese Crossbowman
36:30 Leather Archer Armor
Connection lost

Rejoining the realm…

Still unreachable

The connection could not be restored.

Session expired

The server has moved on; the page needs a fresh start.